 Dungeon Crawl Stone Soup version 0.31-a0-986-g5e6e4ef867 (webtiles) character file.

Game seed: 16598947104208060714

1113 Firecrotchwizard the Ruffian (level 8, -5/42 HPs)
             Began as a Vine Stalker Shapeshifter on Nov 19, 2023.
             Was a Follower of Okawaru.
             Slain by an orc warrior
             ... wielding a +0 glaive
              (17 damage)
             ... on level 6 of the Dungeon.
             The game lasted 00:12:34 (4477 turns).

Firecrotchwizard the Ruffian (VSSh)                 Turns: 4477, Time: 00:12:34

Health: -5/42      AC:  9    Str: 19    XL:     8   Next: 33%
Magic:  0/9        EV: 10    Int: 10    God:    Okawaru [*.....]
Gold:   377        SH:  5    Dex: 14    Spells: 7/7 levels left

rFire   + .          .
                       - Unarmed
rCold   . . .        u - +0 buckler
rNeg    + . .        o - +0 chain mail
rPois   .            (helmet currently unavailable)
rElec   .            (cloak currently unavailable)
rCorr   .            (gloves currently unavailable)
SInv    .            (boots currently unavailable)
Will    +....        l - amulet of regeneration Stlth
                     n - ring of protection from fire
HPRegen 1.87/turn    p - ring of positive energy
MPRegen 0.11/turn

%: guardian spirit
@: beast-form, heroic, studying Shapeshifting
A: beast (slay +3), fangs 3, regeneration 1, magic shield, antimagic bite, no
potion heal 2
a: Begin Untransformation, Renounce Religion, Heroism


You were on level 6 of the Dungeon.
You worshipped Okawaru.
Okawaru was aware of your devotion.
You were a hulking beast.
You visited 2 branches of the dungeon, and saw 7 of its levels.

You collected 377 gold pieces.

Inventory:

Missiles
 q - a throwing net {@!f}
 s - 19 poisoned darts
Armour
 a - a +0 animal skin
 o - a +0 chain mail (worn)
 u - a +0 buckler (worn)
Jewellery
 l - an amulet of regeneration (around neck)
 n - a ring of protection from fire (left hand)
 p - a ring of positive energy (right hand)
Talismans
 c - a beast talisman
 d - a flux talisman
 j - a serpent talisman
Wands
 m - a wand of flame (22)
 r - a wand of iceblast (5)
 z - a wand of digging (5)
Scrolls
 f - a scroll of fog
 g - 2 scrolls of blinking
 i - a scroll of identify
 t - a scroll of teleportation
 w - a scroll of enchant weapon
Potions
 b - 6 potions of lignification
 e - a potion of attraction
 h - 2 potions of heal wounds {unknown}
 k - 4 potions of haste
 v - a potion of cancellation {unknown}
 x - a potion of ambrosia {unknown}
 B - a potion of curing {unknown}


   Skills:
 + Level 4.3(9.3) Fighting
 - Level 1.5(6.5) Dodging
 * Level 7.4(12.4) Unarmed Combat
 + Level 6.0 Shapeshifting


You had 7 spell levels left.
You didn't know any spells.
Your spell library contained the following spells:

 Spells                   Type           Power      Damage    Failure   Level
 Blink                    Tloc           0%         N/A       99%         2
 Cigotuvi's Dreadful Rot  Necr/Pois/Air  0%         N/A       99%         2
 Lesser Beckoning         Tloc           0%         N/A       99%         2
 Momentum Strike          Conj/Tloc      0%         3d8       99%         2
 Dispel Undead            Necr           0%         3d6       100%        4
 Alistair's Intoxication  Tmut/Pois      0%         N/A       100%        5
 Shatter                  Erth           0%         3d5*      100%        9
 Summon Small Mammal      Summ           Unusable   N/A       N/A         1
 Call Imp                 Summ           Unusable   N/A       N/A         2
 Call Canine Familiar     Summ           Unusable   N/A       N/A         3
 Death Channel            Necr           Unusable   N/A       N/A         6
 Summon Cactus Giant      Summ           Unusable   N/A       N/A         6

Dungeon Overview and Level Annotations

Branches:
Dungeon (6/15)             Temple (1/1) D:4

Altars:
Ashenzari
Cheibriados
Dithmenos
Elyvilon
Fedhas
Gozag
Hepliaklqana
Nemelex Xobeh
Okawaru
Qazlal
Ru
Sif Muna
Trog
Uskayaw
Vehumet
Wu Jian
Yredelemnul

Shops:
D:4 (

Annotations:
Temple 2 transporters


Innate Abilities, Weirdness & Mutations

You are a hulking beast.
Your limbs bulge with bestial killing power. (Slay +3)
You have razor-sharp teeth.
Your natural rate of healing is unusually fast.
When hurt, damage is shared between your health and your magic reserves.
Your bite disrupts and absorbs the magic of your enemies.
Potions cannot restore your health.


Message History

You kill the ogre!
Okawaru accepts your kill.
No target in view!
As you read the scroll labelled ITAANICVIS, it crumbles to dust.
It is a scroll of brand weapon.
You aren't carrying any weapons that can be branded.
As you read the scroll labelled DUZ EHEN VORO, it crumbles to dust.
A profound silence engulfs you.
It was a scroll of silence.
You start resting.
HP restored.
You start resting.
Magic restored.
You start waiting.
Your hearing returns.
As you read the scroll labelled QOENAO TYNAYF, it crumbles to dust.
The air around you briefly surges with heat, but it dissipates.
It was a scroll of immolation.
You see here a +0 giant club.
You see here an adder corpse.
An ufetubus comes into view.
The ufetubus shouts!
An ufetubus comes into view.
The ufetubus barely misses you. The ufetubus closely misses you.
You closely miss the ufetubus. Your bite misses the ufetubus.
The ufetubus closely misses you.
The ufetubus hits you but does no damage.
You closely miss the ufetubus. Your bite misses the ufetubus.
The ufetubus hits you but does no damage.
The ufetubus barely misses you. You block the ufetubus's attack.
The ufetubus hits you but does no damage.
You punch the ufetubus! You bite the ufetubus.
You kill the ufetubus!
Okawaru accepts your kill.
The ufetubus hits you but does no damage.
The ufetubus barely misses you.
You punch the ufetubus!
You kill the ufetubus!
Okawaru accepts your kill.
No target in view!
Found a stone staircase leading up.
No target in view!
There is a stone staircase leading up here.
b - 6 potions of lignification (gained 2)
There is a stone staircase leading up here.
A centaur comes into view.
The centaur shouts!
The centaur hits you but does no damage.
The centaur kicks you but does no damage.
You barely miss the centaur. You bite the centaur. You drain its power.
The centaur is lightly wounded.
The centaur hits you.
The centaur kicks you but does no damage.
You hit the centaur.
The centaur is moderately wounded.
The centaur hits you but does no damage.
The centaur kicks you but does no damage.
You punch the centaur!
The centaur is severely wounded.
The centaur hits you but does no damage.
The centaur kicks you. The centaur hits you.
The centaur kicks you but does no damage.
You hit the centaur. You bite the centaur.
You kill the centaur!
Okawaru accepts your kill.
Your Shapeshifting skill increases to level 6!
No target in view!
HP restored.
x - a fuming inky potion You open the door.
There is an open door here.
Found 4 stones and a helmet.
You enter the shallow water.
Moving in this stuff is going to be slow.
An orc warrior comes into view. It is wielding a +0 glaive.
The orc warrior shouts!
The orc warrior unwields a +0 glaive.
The orc warrior wields a +0 orcbow.
The orc warrior shoots an arrow.
The arrow hits you!
The orc warrior shoots an arrow.
The arrow hits you!
The orc warrior shoots an arrow.
The arrow hits you.
* * * LOW HITPOINT WARNING * * *
Found 18 gold pieces and 5 stones.
The orc warrior shoots an arrow.
The arrow hits you!
* * * LOW MAGIC WARNING * * *
* * * LOW HITPOINT WARNING * * *
Found a quarterstaff.
You closely miss the orc warrior. You bite the orc warrior.
You drain its power.
You feel invigorated.
The orc warrior is lightly wounded.
The orc warrior unwields a +0 orcbow.
The orc warrior wields a +0 glaive.
The orc warrior hits you with a +0 glaive.
* * * LOW HITPOINT WARNING * * *
You gain the combat prowess of a mighty hero.
The orc warrior hits you with a +0 glaive!
* * * LOW MAGIC WARNING * * *
* * * LOW HITPOINT WARNING * * *
You punch the orc warrior! Your bite misses the orc warrior.
The orc warrior is heavily wounded.
The orc warrior hits you with a +0 glaive!!
* * * LOW MAGIC WARNING * * *
You die...

.###.[.........##
##.##.##..<..
.##..####...###.##
##..#.###..... .....#
#...# ##.# #.##.##
###### .†#### #...# ###
###### .## #...### # .#
#.....###. ##### .#
##.)..##.##≈.... .#
###....##o#S≈~.~.
########.......#h#S$(P..
...............#.#S≈~P..
####.##.......##~# ≈).~.
##......#.#..##~########
......###.#..#~##≈.~P.
.#.#..###.#..#.#S≈?PP.
.............#.#S$.~..
....#.####.###.#S≈~PP.
....#.####.###'##≈([..


You could see an orc warrior and 3 electric eels.

Vanquished Creatures
  2 black bears
  An ogre (D:6)
  2 centaurs
  A phantom (D:5)
  A kobold brigand (D:5)
  2 scorpions
  A hound (D:5)
  A jelly (D:6)
  4 iguanas
  9 adders
  6 gnolls
  4 ufetubi (D:6)
  3 worms
  6 dart slugs
  10 orcs
  11 endoplasms
  2 giant cockroaches (D:1)
  5 goblins
  4 hobgoblins
  6 jackals
  2 quokkas
  6 ball pythons
  3 bats
  2 frilled lizards
  10 kobolds
  4 rats
108 creatures vanquished.

Notes
Turn   | Place    | Note
-------+----------+-------------------------------------------
     0 | D:1      | Firecrotchwizard the Vine Stalker Shapeshifter began the
                  | quest for the Orb.
     0 | D:1      | Reached XP level 1. HP: 9/9 MP: 2/2
   176 | D:1      | Reached skill level 1 in Fighting
   207 | D:1      | Reached XP level 2. HP: 14/14 MP: 3/3
   680 | D:2      | Identified the of Uricuope
   716 | D:2      | Reached XP level 3. HP: 18/18 MP: 4/4
  1108 | D:2      | Reached skill level 4 in Unarmed Combat
  1108 | D:2      | Reached XP level 4. HP: 23/23 MP: 5/5
  1475 | D:3      | Identified the "Ybougexats"
  1500 | D:3      | Noticed a scorpion
  1523 | D:3      | Killed a scorpion
  1524 | D:3      | Reached XP level 5. HP: 22/27 MP: 4/6
  1647 | D:3      | Identified the +1 robe of Daonun {rElec}
  2353 | D:4      | Reached skill level 5 in Unarmed Combat
  2353 | D:4      | Reached XP level 6. HP: 24/32 MP: 5/7
  2413 | D:4      | Noticed a black bear
  2422 | D:4      | Killed a black bear
  2494 | D:4      | Found a staircase to the Ecumenical Temple.
  2537 | Temple   | Found a transporter.
  2537 | Temple   | Found a transporter.
  2537 | Temple   | Found a transporter.
  2537 | Temple   | Found a transporter.
  2537 | Temple   | Entered the Ecumenical Temple
  2555 | Temple   | Became a worshipper of Warmaster Okawaru
  2651 | D:4      | Identified the +6 dagger of Hacking and Slashing {heavy,
                  | rN+}
  2803 | D:4      | Found Suim's Weapon Shoppe.
  3152 | D:5      | Entered Level 5 of the Dungeon
  3161 | D:5      | Reached XP level 7. HP: 31/36 MP: 6/8
  3211 | D:5      | Identified a scroll of acquirement
  3211 | D:5      | Acquired a manual of Shapeshifting
  3423 | D:5      | Reached skill level 6 in Unarmed Combat
  3539 | D:5      | Reached skill level 5 in Shapeshifting
  3584 | D:5      | Reached * piety under Okawaru
  3656 | D:5      | Gained mutation: You have razor-sharp teeth. [Vine Stalker
                  | growth]
  3656 | D:5      | Reached XP level 8. HP: 26/42 MP: 6/9
  4036 | D:6      | Reached skill level 7 in Unarmed Combat
  4477 | D:6      | Slain by an orc warrior

Illustrated notes

Levels and vault maps discovered:
D:1:      dpeg_chamrin_arrival_tetris, layout_rooms, serial_aquarium,
          aquarium_bridge_square [aquarium_subvault_window,
          aquarium_subvault_bridge, aquarium_subvault_wall,
          aquarium_subvault_bridge], aquarium_bridge_square
          [aquarium_subvault_wall, aquarium_subvault_bridge,
          aquarium_subvault_bridge, aquarium_subvault_bridge],
          aquarium_window_fake, aquarium_window_1, aquarium_view_2a,
          aquarium_balcony_5b
D:2:      layout_basic, roderic_lattice_a
D:3:      layout_basic
D:4:      layout_cave_pools, minmay_temple_entry_water_ring,
          minmay_curled_crystal, minivault_1, hex_medium,
          nicolae_inconvenience_store
D:5:      layout_basic
D:6:      cheibrodos_two_vegetables, layout_loops_cross, nicolae_wand_duel
Temple:   hellmonk_temple_divided_pantheon

Skill      XL: |  1  2  3  4  5  6  7  8 |
---------------+-------------------------+-----
Fighting       | 1 2 3 4 |  4.3
Unarmed Combat | 4 5 6 7 |  7.4
Shapeshifting  | 4 5 6 |  6.0
Dodging        | |  1.5

Action                     |  1- 3 |  4- 6 |  7- 9 || total
---------------------------+-------+-------+-------++-------
  Melee: Unarmed           |    62 |   113 |    80 ||   255
         Bite              |    13 |    38 |    25 ||    76
         Punch             |     1 |       |       ||     1
  Throw: Dart              |       |     1 |       ||     1
 Invoke: Heroism           |       |       |     1 ||     1
    Use: Scroll            |       |       |    15 ||    15
   Stab: Sleeping          |     3 |       |       ||     3
 Armour: Animal skin       |    24 |     5 |       ||    29
         Chain mail        |       |    65 |    83 ||   148
  Dodge: Dodged            |    39 |    26 |    21 ||    86
  Block: Buckler           |       |    13 |    12 ||    25

Table legend: (Time is in decaauts)
 A = Elapsed time spent in this place.
 B = Non-inter-level travel time spent in this place.
 C = Inter-level travel time spent in this place.
 D = Time resting spent in this place.
 E = Time spent auto-exploring this place.
 F = Levels seen in this place.
 G = Mean time per level.
                   A        B        C        D        E       F      G
               +--------+--------+--------+--------+--------+-----+--------+
         Total |   4459 |   4227 |    232 |    195 |   3264 |   7 |  637.0 |
       Dungeon |   4422 |   4206 |    216 |    195 |   3264 |   6 |  737.0 |
        Temple |     36 |     20 |     16 |      0 |      0 |   1 |   36.0 |
               +--------+--------+--------+--------+--------+-----+--------+

Top non-repeatable levels by time:
     D:3: 909 daAuts
     D:4: 842 daAuts
     D:2: 790 daAuts
     D:1: 677 daAuts
     D:5: 631 daAuts
     D:6: 571 daAuts
  Temple: 36 daAuts
